 Dungeon Crawl Stone Soup version 0.20-a0-2-g2b0e13a (console) character file.

6816 brucemayne the Cleaver (level 10, -2/70 HPs)
             Began as a Demonspawn Berserker on Oct 29, 2016.
             Was an Elder of Trog.
             Slain by an orc warrior
             ... wielding a +0 flail
              (13 damage)
             ... on level 2 of the Orcish Mines.
             The game lasted 00:24:28 (4090 turns).

brucemayne the Cleaver (Demonspawn Berserker)       Turns: 4090, Time: 00:24:29

Health: -2/70      AC: 14    Str: 23    XL:     10   Next: 77%
Magic:  0/10       EV:  7    Int:  8    God:    Trog [****..]
Gold:   930        SH:  4    Dex: 13    Spells: 0 memorised, 9 levels left

rFire  . . .     SeeInvis .     z - +3 war axe (chop)
rCold  . . .     Gourm    .     a - +0 plate armour
rNeg   . . .     Faith    .     (no shield)
rPois  .         Spirit   +     (helmet restricted)
rElec  .         Reflect  +     q - +0 cloak
rCorr  +         Harm     .     (no gloves)
MR     ++...                    (no boots)
Stlth  ..........               D - +4 amulet of reflection
                                (no ring)
                                k - ring of resist corrosion

@: about to teleport, regenerating
A: horns 1, icy blue scales 2, demonic guardian 1, strong 1, magic shield
a: Berserk, Trog's Hand, Brothers in Arms, Burn Spellbooks, Renounce Religion


You were on level 2 of the Orcish Mines.
You worshipped Trog.
Trog was greatly pleased with you.
You were hungry.

You visited 2 branches of the dungeon, and saw 13 of its levels.

You collected 930 gold pieces.

Inventory:

Hand Weapons
 z - a +3 war axe of chopping (weapon)
 C - a +0 blowgun
 E - a cursed +4 battleaxe
Missiles
 o - 45 poisoned needles
 p - 2 needles of sleeping
Armour
 a - a +0 plate armour (worn)
 e - a +1 chain mail
 q - a +0 cloak (worn)
Jewellery
 k - a ring of resist corrosion (left hand)
 D - a +4 amulet of reflection (around neck)
Wands
 i - a wand of teleportation (1/9)
 n - a wand of disintegration (19/24)
 B - a wand of iceblast (7/15)
Scrolls
 d - a scroll of enchant weapon
 y - 2 scrolls of remove curse
 A - 2 scrolls of magic mapping
 I - a scroll of enchant armour
Potions
 g - 2 potions of brilliance
 j - a potion of flight {unknown}
 l - a potion of ambrosia {unknown}
 r - 2 potions of agility {unknown}
 s - a potion of cancellation {unknown}
 v - a potion of degeneration {unknown}
 x - 3 potions of resistance
 F - 3 potions of curing
 H - a potion of heal wounds {unknown}
 O - a potion of mutation {unknown}
Books
 M - a book of Minor Magic

   Spells                             Type                      Level
   a - Magic Dart                     Conjuration                  1
   b - Blink                          Translocation                2
   c - Call Imp                       Summoning                    2
   d - Repel Missiles                 Charms/Air                   2
   e - Slow                           Hexes                        2
   f - Conjure Flame                  Conjuration/Fire             3
   g - Mephitic Cloud                 Conjuration/Poison/Air       3
   Trog disapproves of the use of such an item.
Comestibles
 b - 2 chunks of flesh
 c - 4 bread rations
 f - 2 meat rations
 K - a royal jelly


   Skills:
 + Level 3.2 Fighting
 + Level 14.6 Axes
 - Level 1.7 Armour
 - Level 1.7 Dodging


You had 9 spell levels left.
You didn't know any spells.

Dungeon Overview and Level Annotations

Branches:
Dungeon (11/15)              Lair (0/6) D:9             Orc (2/2) D:10
    Elf (0/3) Orc:2
 Temple: D:4-7

Altars:

Shops:
Orc:2 ?

Annotations:
D:2 Sigmund
D:7 dobroeutro's ghost, novice DsMo
D:9 Psyche
D:10 exclusion: 2 upstairs, Maurice


Innate Abilities, Weirdness & Mutations

You have a pair of small horns on your head.
You are mostly covered in icy blue scales. (AC +3)
A weak demonic guardian rushes to your aid.
When hurt, damage is shared between your health and your magic reserves.
Your muscles are strong. (Str +2)


Message History

Zapping:
i - a wand of teleportation (2/9)
Press: ? - help, Shift-Dir - straight line, f - you You feel strangely unstable.
This wand has 1 charge left.
The ogre hits you but does no damage.
Your ufetubus completely misses the ogre.
Your ufetubus hits the ogre.
The orc sorcerer hits you but does no damage.
The deep elf mage hits you but does no damage.
The orc warrior hits you from afar with a trident!
Unknown command.
Unknown command.
Your ufetubus hits the ogre. x2; The warg bites you but does no damage.
The deep elf mage gestures wildly while chanting.
The deep elf archer unwields an uncursed short sword.
The deep elf archer wields an uncursed longbow.
The deep elf archer shoots an arrow.
The arrow hits you!!
* * * LOW HITPOINT WARNING * * *
Your ufetubus barely misses the ogre.
Your ufetubus hits the ogre. The orc warrior hits you with a flail!
You die...

.........
......
.e..
##...###
#.#..#.#
#.....##
##....E.##
#..)h)...#
#.@e...##
#.ooOo..#
#...O...#
#.oo.5.##
##......#
#8.8#.##
##T####
... ...


You could see an orc warlord, an orc high priest, a deep elf archer, a deep elf
mage, a troll, a fire elemental, a warg, an orc sorcerer, 2 orc warriors, 2
ogres and a friendly ufetubus.

Vanquished Creatures
  A hill giant (D:10)
  An elephant (D:9)
  2 orc sorcerers (Orc:1)
  2 trolls (Orc:2)
  2 hippogriffs
  A yak (D:9)
  A wyvern (D:8)
  A mottled dragon (D:11)
  4 wargs
  A soldier ant (D:10)
  A sky beast (D:7)
  2 ice beasts
  2 ogres
  7 orc warriors
  2 centaurs
  A crocodile (D:9)
  A bullfrog (D:10)
  15 killer bees
  2 wights (D:8)
  A spriggan skeleton (D:10)
  A troll skeleton (D:10)
  2 crimson imps
  A quasit (D:9)
  3 hounds
  2 jellies
  5 centaur skeletons (D:10)
  14 orc priests
  4 orc wizards (Orc:1)
  5 iguanas
  5 worker ants
  A hound zombie (D:10)
  3 adders
  A howler monkey skeleton (D:9)
  A shadow imp (D:5)
  An adder skeleton (D:9)
  2 dart slugs (D:1)
  A leopard gecko (D:3)
  49 orcs
  9 bats
  3 giant cockroaches
  6 goblins
  2 hobgoblins
  9 kobolds
  2 quokkas
  A ball python (D:3)
  3 frilled lizards
  3 rats
189 creatures vanquished.

Vanquished Creatures (collateral kills)
  An orc warrior (D:10)
  A big kobold (D:8)
  A bullfrog (D:9)
  A wight (D:8)
  An orc wizard (Orc:2)
  6 orcs
11 creatures vanquished.

Grand Total: 200 creatures vanquished

Notes
Turn   | Place    | Note
-------+----------+-------------------------------------------
     0 | D:1      | brucemayne the Demonspawn Berserker began the quest for the Orb.
     0 | D:1      | Reached XP level 1. HP: 18/18 MP: 1/1
    52 | D:1      | Reached skill level 3 in Axes
   120 | D:1      | Gained mutation: You are partially covered in icy blue scales. (AC +2) [demonic ancestry]
   120 | D:1      | Reached XP level 2. HP: 19/24 MP: 2/2
   260 | D:2      | Noticed Sigmund
   453 | D:2      | Gained mutation: You are mostly covered in icy blue scales. (AC +3) [demonic ancestry]
   453 | D:2      | Reached XP level 3. HP: 17/29 MP: 3/3
   573 | D:1      | Reached skill level 4 in Axes
   732 | D:3      | Reached ** piety under Trog
   915 | D:3      | Reached XP level 4. HP: 12/35 MP: 4/4
  1070 | D:5      | Entered Level 5 of the Dungeon
  1076 | D:5      | Noticed an ice beast
  1086 | D:5      | Reached skill level 5 in Axes
  1091 | D:5      | Killed an ice beast
  1091 | D:5      | Reached XP level 5. HP: 41/41 MP: 5/5
  1286 | D:5      | Reached skill level 6 in Axes
  1388 | D:7      | Noticed a sky beast
  1392 | D:7      | Killed a sky beast
  1392 | D:7      | Gained mutation: A weak demonic guardian rushes to your aid. [demonic ancestry]
  1392 | D:7      | Reached XP level 6. HP: 47/47 MP: 6/6
  1398 | D:7      | Gained mutation: Your muscles are strong. (Str +2) [mutagenic meat]
  1409 | D:7      | Noticed dobroeutro's ghost (novice DsMo)
  1570 | D:7      | Reached skill level 7 in Axes
  1671 | D:8      | Noticed a wyvern
  1678 | D:8      | Killed a wyvern
  1678 | D:8      | Gained mutation: You have a pair of small horns on your head. [demonic ancestry]
  1678 | D:8      | Reached XP level 7. HP: 49/52 MP: 7/7
  1700 | D:8      | Reached skill level 8 in Axes
  2162 | D:9      | Reached skill level 9 in Axes
  2162 | D:9      | Reached XP level 8. HP: 53/58 MP: 8/8
  2240 | D:9      | Reached skill level 10 in Axes
  2291 | D:9      | Noticed a five-headed hydra
  2304 | D:10     | Entered Level 10 of the Dungeon
  2401 | D:10     | Noticed a hippogriff
  2410 | D:10     | Killed a hippogriff
  2432 | D:9      | Noticed a hippogriff
  2436 | D:9      | Noticed an elephant
  2440 | D:9      | Killed a hippogriff
  2441 | D:9      | Reached skill level 11 in Axes
  2445 | D:9      | Killed an elephant
  2445 | D:9      | Reached XP level 9. HP: 41/63 MP: 9/9
  2490 | D:10     | Noticed a hill giant
  2507 | D:10     | Killed a hill giant
  2507 | D:10     | Reached *** piety under Trog
  2563 | D:10     | Reached skill level 12 in Axes
  2734 | D:10     | Noticed a troll
  2735 | D:10     | Noticed Maurice
  2822 | D:9      | Noticed a queen bee
  2856 | D:9      | Noticed Psyche
  2921 | D:9      | Found a staircase to the Lair.
  3201 | D:9      | Reached skill level 13 in Axes
  3227 | D:10     | Gained mutation: When hurt, damage is shared between your health and your magic reserves. [demonic ancestry]
  3227 | D:10     | Reached XP level 10. HP: 54/70 MP: 10/10
  3349 | D:10     | Found a staircase to the Orcish Mines.
  3376 | Orc:1    | Entered Level 1 of the Orcish Mines
  3516 | Orc:1    | Noticed an orc sorcerer
  3528 | Orc:1    | Killed an orc sorcerer
  3601 | Orc:2    | Entered Level 2 of the Orcish Mines
  3739 | Orc:2    | Found a staircase to the Elven Halls.
  3828 | Orc:2    | Reached skill level 14 in Axes
  3864 | Orc:2    | Found Zaptepan's Magic Scroll Shoppe.
  3939 | Orc:2    | Noticed an orc sorcerer
  3953 | Orc:2    | Noticed an orc warlord
  3969 | Orc:2    | Noticed an orc high priest
  3987 | Orc:1    | Noticed an orc sorcerer
  3995 | Orc:1    | Killed an orc sorcerer
  4062 | Orc:1    | Reached **** piety under Trog
  4088 | Orc:1    | You fall through a shaft!
  4088 | Orc:2    | Noticed a deep elf mage
  4088 | Orc:2    | Noticed a deep elf archer
  4088 | Orc:2    | Noticed an orc sorcerer
  4088 | Orc:2    | Noticed an orc high priest
  4088 | Orc:2    | Noticed an orc warlord
  4090 | Orc:2    | Slain by an orc warrior

Vault maps used:
D:1:      minmay_arrival_solitary_statue
D:2:      first_bread, uniq_sigmund
D:4:      wad_floor_pattern_2
D:5:      kennysheep_decorative_pillar
D:6:      minmay_lizard_king
D:9:      david_lair_generic, uniq_psyche
D:10:     cheibrodos_iron_armory, hiddenorc1_lemuel, hangedman_tell_no_tales,
          uniq_maurice
D:11:     serial_glass, glass_columns_c, glass_columns_a
Orc:2:    st_orc_town, serial_shops, shop, elf_legates

Skill      XL: |  1  2  3  4  5  6  7  8  9 10 |
---------------+-------------------------------+-----
Axes           | 3 4 5 6 7 9 11 13 14 | 14.6
Fighting       | |  3.2
Armour         | |  1.7
Dodging        | |  1.7

Action                   |  1- 3 |  4- 6 |  7- 9 | 10-12 || total
-------------------------+-------+-------+-------+-------++-------
Melee: Hand axe          |   122 |     1 |       |       ||   123
       War axe           |       |    42 |   231 |   163 ||   436
       Headbutt          |       |       |    41 |    33 ||    74
Invok: Berserk           |     3 |     2 |     5 |     5 ||    15
       Trog's Hand       |     1 |     1 |     6 |    11 ||    19
Evoke: Wand              |     1 |       |     3 |     3 ||     7
  Use: Scroll            |     3 |     1 |     3 |     8 ||    15
       Potion            |     2 |       |     1 |     1 ||     4
 Stab: Distracted        |       |       |     2 |     2 ||     4
  Eat: Chunk             |     2 |     5 |     6 |     5 ||    18
       Fruit             |       |     2 |     2 |     1 ||     5
       Beef jerky        |       |       |     2 |       ||     2
       Bread ration      |       |       |       |     1 ||     1
       Royal jelly       |       |       |       |     1 ||     1
Armor: Chain mail        |    96 |    37 |   107 |    15 ||   255
       Skin              |    14 |       |    41 |       ||    55
       Plate armour      |       |       |       |    50 ||    50
Dodge: Dodged            |    51 |    25 |    95 |    40 ||   211
Block: Other             |       |       |    37 |    16 ||    53
